 Dungeon Crawl Stone Soup version 0.27-a0-489-g24c7b1a3ef (webtiles) character file.

Game seed: 1152007102680394046

1054 srzhan31 the Digger (level 8, 0/45 HPs)
             Began as a Gargoyle Earth Elementalist on Mar 2, 2021.
             Slain by an orc warrior
             ... wielding a +0 halberd
              (16 damage)
             ... on level 6 of the Dungeon.
             The game lasted 00:31:59 (5622 turns).

srzhan31 the Digger (Gargoyle Earth Elementalist)   Turns: 5622, Time: 00:32:00

Health: 0/45       AC: 14    Str: 12    XL:     8   Next: 26%
Magic:  6/14       EV: 11    Int: 18    God:
Gold:   240        SH:  0    Dex: 10    Spells: 12/16 levels left

rFire    . . .     SeeInvis .   r - +2 dagger (venom)
rCold    . . .     Faith    .   (no shield)
rNeg     + . .     Spirit   .   l - +0 leather armour
rPois    ∞         Reflect  .   w - +2 helmet
rElec    +         Harm     .   (no cloak)
rCorr    .         Rampage  .   (no gloves)
Will     .....                  b - +1 pair of boots
Stlth    ++........             (no amulet)
HPRegen  0.15/turn              (no ring)
MPRegen  0.14/turn              (no ring)

@: no status effects
A: negative energy resistance 1, electricity resistance, unbreathing,
petrification resistance, miasma immunity, AC +5
a: no special abilities


You were on level 6 of the Dungeon.
You visited 1 branch of the dungeon, and saw 6 of its levels.

You collected 240 gold pieces.

Inventory:

Hand Weapons
 f - a +0 club
 k - a +1 dagger of venom
 r - a +2 dagger of venom (weapon)
 u - a +2 trident of venom
 A - a +2 short sword of venom
Missiles
 n - 4 datura-tipped darts
 F - 96 stones
 J - 10 poisoned darts
Armour
 b - a +1 pair of boots (worn)
 c - a +0 robe
 h - a +0 ring mail
 l - a +0 leather armour (worn)
 o - a +0 kite shield
 w - a +2 helmet (worn)
 y - a +0 buckler
 I - a +0 scale mail of poison resistance
Jewellery
 G - an amulet of faith
 K - a ring of see invisible
Wands
 C - a wand of acid (15)
Scrolls
 d - 6 scrolls of teleportation {unknown}
 e - 2 scrolls of fog {unknown}
 i - a scroll of fear {unknown}
 j - 4 scrolls of identify {unknown}
 m - a scroll of noise {unknown}
 p - a scroll of magic mapping {unknown}
 s - a scroll of blinking {unknown}
 v - a scroll of enchant weapon {unknown}
 D - a scroll of amnesia {unknown}
 H - 2 scrolls of random uselessness {unknown}
Potions
 a - 5 potions of curing {unknown}
 g - a potion of magic {unknown}
 q - a potion of brilliance {unknown}
 t - 2 potions of lignification {unknown}
 x - a potion of haste {unknown}
 z - a potion of flight {unknown}
 B - a potion of attraction {unknown}
 E - a potion of might {unknown}
 L - a potion of heal wounds


   Skills:
 * Level 2.9 Fighting
 - Level 0.2 Short Blades
 * Level 3.7 Maces & Flails
 * Level 3.5 Armour
 - Level 1.5 Dodging
 + Level 2.7 Stealth
 * Level 2.4 Shields
 + Level 4.6 Spellcasting
 * Level 0.2 Conjurations
 + Level 0.7 Transmutations
 + Level 6.4 Earth Magic


You had 12 spell levels left.
You knew the following spells:

 Your Spells              Type           Power        Failure   Level
a - Sandblast             Erth           54%          1%          1
b - Stone Arrow           Conj/Erth      32%          13%         3

Your spell library contained the following spells:

 Spells                   Type           Power        Failure   Level
 Passwall                 Tmut/Erth      14%          6%          2
 Animate Skeleton         Necr           8%           19%         1
 Apportation              Tloc           8%           19%         1
 Corona                   Hex            4%           19%         1
 Summon Small Mammal      Summ           16%          19%         1
 Lee's Rapid Deconstruct  Erth           13%          34%         5
 Petrify                  Tmut/Erth      17%          38%         4


Dungeon Overview and Level Annotations

Branches:
Dungeon (6/15)
 Temple: D:4-7

Altars:
Fedhas
Okawaru
Qazlal
Sif Muna
Wu Jian
Zin


Innate Abilities, Weirdness & Mutations

You are resistant to torment.
Your stone body is resilient. (AC +5)
You are immune to poison.
You resist negative energy. (rN+)
You are resistant to electric shocks. (rElec)
You can survive without breathing.
You are immune to petrification.
You are immune to miasma.


Message History

Press: ? - help, Q - select action, (/) - cycle Shift-Dir - straight line, f - you
Okay, then.
Aiming: Sandblast (safe; 1% risk of failure)
Press: ? - help, Q - select action, (/) - cycle Shift-Dir - straight line, f - you
Okay, then.
Aiming: Sandblast (safe; 1% risk of failure)
Press: ? - help, Q - select action, (/) - cycle Shift-Dir - straight line, f - orc
Aim: an orc, wielding a +0 dagger and wearing a +0 leather armour (19% to evade)
The blast of sand hits the orc but does no damage.
The gnoll shouts!
Aiming: Sandblast (safe; 1% risk of failure)
Press: ? - help, Q - select action, (/) - cycle Shift-Dir - straight line, f - gnoll, p - orc
Aim: a gnoll, wielding a +0 halberd (17% to evade)
The blast of sand hits the gnoll!
The gnoll is severely wounded.
Unknown command.
Aiming: Sandblast (safe; 1% risk of failure)
Press: ? - help, Q - select action, (/) - cycle Shift-Dir - straight line, f/p - gnoll
Aim: a gnoll, wielding a +0 halberd (severely wounded, 17% to evade)
The blast of sand hits the gnoll!!
You kill the gnoll!
The orc warrior hits you from afar with a +0 halberd!!
A gnoll comes into view. It is wielding a +0 spear.
The gnoll shouts!
You hit the orc.
The orc is poisoned.
The orc is moderately wounded.
You hear the slow rusting of a distant drain.
The orc hits you but does no damage.
The orc warrior hits you from afar with a +0 halberd.
You hit the orc.
The orc looks as sick as possible!
The orc is heavily wounded.
The orc hits you but does no damage.
The orc warrior hits you from afar with a +0 halberd.
The orc closely misses you.
You hit the orc but do no damage.
The orc looks as sick as possible!
The orc is severely wounded.
You kill the orc!
The orc barely misses you.
The orc warrior hits you from afar with a +0 halberd!
You die...

....##.......###..##......
..... ...#...........#
..#.. .#####....##.##### #
.......# ####.####..##.#.#
........ ..... #.........
........ #...###.......##
#. ###.......#.#.#
###....##.#.>.
...#...@)...... .
......o)##...##
#......o....##
....)..))......
.......g......#
.........!.....
...#...........
...#........... ..
......g....#


You could see an orc warrior, a gnoll and an orc.

Vanquished Creatures
  Sigmund (D:5)
  3 ogres
  Blork the orc (D:4)
  A bullfrog (D:5)
  A howler monkey (D:4)
  An orc priest (D:3)
  2 hounds (D:4)
  Terence (D:3)
  Jessica (D:3)
  3 orc wizards
  A worker ant (D:4)
  Robin (D:3)
  A worker ant zombie (D:6)
  8 adders
  2 gnolls (D:6)
  2 shadow imps (D:5)
  An ufetubus (D:5)
  An ooze (D:2)
  3 worms
  2 dart slugs (D:1)
  4 leopard geckos (D:1)
  12 orcs
  2 giant cockroaches
  16 goblins
  7 hobgoblins
  15 jackals
  3 kobolds
  A quokka (D:4)
  4 bats
  3 frilled lizards
  A quokka skeleton (D:5)
  6 rats
111 creatures vanquished.

Vanquished Creatures (others)
  5 plants (D:3)
5 creatures vanquished.

Grand Total: 116 creatures vanquished

Notes
Turn   | Place    | Note
-------+----------+-------------------------------------------
     0 | D:1      | srzhan31 the Gargoyle Earth Elementalist began the quest
                  | for the Orb.
     0 | D:1      | Reached XP level 1. HP: 10/10 MP: 3/3
   214 | D:1      | Reached skill level 4 in Earth Magic
   239 | D:1      | Reached XP level 2. HP: 13/15 MP: 5/5
   317 | D:1      | Reached skill level 1 in Armour
   794 | D:1      | Reached XP level 3. HP: 20/20 MP: 3/6
  1154 | D:2      | Noticed an ogre
  1348 | D:2      | Found an ornate altar of the Wu Jian Council.
  1349 | D:2      | Found a shimmering blue altar of Sif Muna.
  1351 | D:2      | Found a glowing silver altar of Zin.
  1351 | D:2      | Found a stormy altar of Qazlal.
  1437 | D:2      | Killed an ogre
  1438 | D:2      | Reached skill level 1 in Fighting
  1438 | D:2      | Reached skill level 1 in Maces & Flails
  1438 | D:2      | Reached XP level 4. HP: 18/25 MP: 1/8
  1438 | D:2      | Reached XP level 5. HP: 20/29 MP: 1/9
  1512 | D:2      | Found a blossoming altar of Fedhas.
  1560 | D:2      | Found an iron altar of Okawaru.
  1984 | D:2      | Reached skill level 5 in Earth Magic
  2111 | D:3      | Noticed Terence
  2386 | D:3      | Noticed Jessica
  2394 | D:3      | Killed Jessica
  2446 | D:3      | Reached XP level 6. HP: 5/34 MP: 8/10
  2783 | D:3      | Noticed Robin
  2808 | D:3      | Killed Robin
  3363 | D:3      | Killed Terence
  3762 | D:4      | Reached XP level 7. HP: 40/40 MP: 8/12
  4012 | D:4      | Reached skill level 1 in Shields
  4421 | D:4      | Noticed Blork the orc
  4428 | D:4      | Killed Blork the orc
  4502 | D:5      | Entered Level 5 of the Dungeon
  4548 | D:5      | Noticed Sigmund
  4553 | D:5      | Killed Sigmund
  4554 | D:5      | Reached skill level 6 in Earth Magic
  4554 | D:5      | Reached XP level 8. HP: 43/45 MP: 10/14
  4722 | D:5      | Learned a level 3 spell: Stone Arrow
  5622 | D:6      | Slain by an orc warrior

Illustrated notes

Levels and vault maps discovered:
D:1:      co_arrival_square_in_a_square_in_a_square, layout_basic,
          roderic_lattice_a
D:2:      layout_basic, fedhas_altar_2, nicolae_overflow_hidden_temple,
          chequers_temple_overflow_statue_of_worship
D:3:      layout_loops_ring, serial_bayou_lake_a, uniq_terence, uniq_robin,
          uniq_jessica
D:4:      layout_loops_ring, kennysheep_cluttered_room, grunt_ministairs_7,
          uniq_blork_the_orc
D:5:      layout_cave_pods, uniq_sigmund
D:6:      layout_cave_pools, nemelex_xobeh_ov_fountains_minmay,
          gup_sewer_entry_spiral, minmay_door_square

Skill      XL: |  1  2  3  4  5  6  7 |
---------------+----------------------+-----
Earth Magic    | 4 5 6 |  6.4
Armour         | 1 2 3 |  3.5
Fighting       | 1 2 |  2.9
Maces & Flails | 1 2 3 |  3.7
Spellcasting   | 3 4 |  4.6
Shields        | 2 |  2.4
Short Blades   | |  0.2
Dodging        | |  1.5
Stealth        | |  2.7
Conjurations   | |  0.2
Transmutations | |  0.7

Action                   |  1- 3 |  4- 6 |  7- 9 || total
-------------------------+-------+-------+-------++-------
Melee: Unarmed           |    11 |       |       ||    11
       Club              |     6 |    11 |       ||    17
       Dagger            |       |    35 |    58 ||    93
 Cast: Sandblast         |    33 |    62 |    41 ||   136
       Stone Arrow       |       |       |     5 ||     5
 Stab: Sleeping          |     2 |       |       ||     2
Armor: Robe              |     6 |       |       ||     6
       Ring mail         |     1 |     6 |       ||     7
       Leather armour    |       |    22 |    32 ||    54
Dodge: Dodged            |    17 |    35 |    41 ||    93

Table legend: (Time is in decaauts)
 A = Elapsed time spent in this place.
 B = Non-inter-level travel time spent in this place.
 C = Inter-level travel time spent in this place.
 D = Time resting spent in this place.
 E = Time spent auto-exploring this place.
 F = Levels seen in this place.
 G = Mean time per level.
                   A        B        C        D        E       F      G
               +--------+--------+--------+--------+--------+-----+--------+
         Total |   5677 |   5677 |      0 |      0 |      0 |   6 |  946.2 |
       Dungeon |   5677 |   5677 |      0 |      0 |      0 |   6 |  946.2 |
               +--------+--------+--------+--------+--------+-----+--------+

Top non-repeatable levels by time:
     D:3: 1303 daAuts
     D:1: 1227 daAuts
     D:2: 1065 daAuts
     D:4: 1005 daAuts
     D:5: 973 daAuts
     D:6: 102 daAuts
